cohdb
Replays
Latest Replays
All Replays
Popular Replays
Top Player Replays
Match Explorer
How It Works
Community
CoH3 Stats
Reddit
Sign in to upload your games and track your stats! →
Sign in with Steam
Match 40143564
Unlisted
Match 40143564
Overview
Messages
Build Orders
End
Construct Infanterie Kompanie
MG 42 Machine Gun Team
GrW 34 Mortar Team
Selects Terror Battlegroup
Selects Machine Gun Camouflage
Grenadier Squad
Grenadier Squad
Construct Panzergrenadier Kompanie
251 Medium Carrier
Medical Bunker
Support Elements
Pak 40 Anti-tank Gun Team
Nebelwerfer 42 Rocket Launcher Team
MG 42 Machine Gun Team
Grenadier Squad
MG 42 Machine Gun Team
Selects No Quarter
Construct Panzer Kompanie
Panzer IV Medium Tank
一千個妓女的兒子
!Yes, I Still Hating My Mates31
Mou
Voodoo408
thanataur
Pano_ramix
Snax254
Hubcik タップ日
0
0
Comments
sign in to comment!
No comments posted yet!